 Dungeon Crawl Stone Soup version 0.30-a0-622-gddc90eaa04 (webtiles) character file.

Game seed: 2626000966702349087

11964 OTABOTABOTAB the Skirmisher (level 11, -5/99 HPs)
             Began as a Demigod Hunter on Jan 11, 2023.
             Slain by Fannar
             ... wielding a +0 quarterstaff of freezing
              (33 damage)
             ... on level 1 of the Lair of Beasts.
             The game lasted 00:19:05 (11736 turns).

OTABOTABOTAB the Skirmisher (Demigod Hunter)       Turns: 11736, Time: 00:19:06

Health: -5/99      AC:  7    Str: 12    XL:     11   Next: 31%
Magic:  23/23      EV: 21    Int: 11    God:
Gold:   865        SH:  5    Dex: 29    Spells: 10/10 levels left

rFire   + . .      SeeInvis .    b - +1 longbow of Might {freeze, rPois MP+9}
rCold   x . .      Faith    .    (shield currently unavailable)
rNeg    . . .      Spirit   .    c - +0 leather armour
rPois   +          Reflect  +    i - +2 hat
rElec   .          Harm     .    l - +0 cloak
rCorr   .          Rampage  .    F - +0 pair of gloves
Will    +....                    (no boots)
Stlth   ++                       j - amulet of reflection
HPRegen 0.36/turn                f - ring of fire {rF+, rC-}
MPRegen 0.18/turn                (no ring)

@: no status effects
A: high MP 1, forlorn, divine attributes
a: no special abilities


You were on level 1 of the Lair of Beasts.
You visited 2 branches of the dungeon, and saw 12 of its levels.

You collected 1032 gold pieces.
You spent 167 gold pieces at shops.

Inventory:

Hand Weapons
 a - a +3 sling
   (You took it off Joseph on level 7 of the Dungeon)
 b - the +1 longbow of Might (weapon) {freeze, rPois MP+9}
   (You acquired it on level 4 of the Dungeon)

   rPois:     It protects you from poison.
   MP:        It affects your magic capacity (+9).
 k - the +6 war axe of Doom {spect, Stlth+}
   (You found it on level 7 of the Dungeon)

   Stlth:     It makes you more stealthy.
Missiles
 o - 2 javelins
 s - 84 stones
 t - 19 poisoned darts
 u - 8 boomerangs
 z - 4 throwing nets {!d}
Armour
 c - a +0 leather armour (worn)
 i - a +2 hat (worn)
   (You found it on level 6 of the Dungeon)
 l - a +0 cloak (worn)
   (You took it off Crazy Yiuf on level 2 of the Dungeon)
 F - a +0 pair of gloves (worn)
   (You found it on level 10 of the Dungeon)
Magical Staves
 r - a staff of earth
   (You found it on level 3 of the Dungeon)
 v - a staff of poison {rPois}
   (You found it on level 4 of the Dungeon)
Jewellery
 f - a ring of fire (left hand) {rF+, rC-}
   (You found it on level 2 of the Dungeon)
 j - an amulet of reflection (around neck)
   (You found it on level 1 of the Dungeon)
 N - a ring of positive energy {rN+}
   (You found it on level 1 of the Lair of Beasts)
Wands
 d - a wand of digging (2)
   (You took it off Grinder on level 3 of the Dungeon)
 e - a wand of charming (2)
   (You took it off Ijyb on level 3 of the Dungeon)
 q - a wand of flame (34)
   (You took it off Sigmund on level 5 of the Dungeon)
 y - a wand of mindburst (9)
   (You found it on level 10 of the Dungeon)
Scrolls
 h - 2 scrolls of poison
 m - 3 scrolls of amnesia
 p - 5 scrolls of fog
 x - 2 scrolls of enchant weapon
 A - a scroll of enchant armour
 C - 3 scrolls of identify {@r1}
 D - 3 scrolls of blinking {!r}
 E - 2 scrolls of fear
 K - 3 scrolls of immolation {!r}
 V - a scroll of vulnerability {!r!r}
 X - 2 scrolls of magic mapping {@r4!r}
 Y - 3 scrolls of teleportation {@r3}
Potions
 n - 2 potions of heal wounds {@q2}
 w - a potion of degeneration {!q}
 B - 5 potions of brilliance
 G - a potion of ambrosia {!q}
 H - a potion of haste
 J - 6 potions of curing {@q1}
 L - 4 potions of flight
 P - 5 potions of lignification {!q}
 R - a potion of resistance
 U - 3 potions of mutation {!q}
Miscellaneous
 g - a piece from Xom's chessboard (15/15)
   (You found it on level 10 of the Dungeon)


   Skills:
 + Level 9.9 Fighting
 * Level 10.9 Ranged Weapons
 + Level 9.9 Dodging
 - Level 0.8 Stealth


You had 10 spell levels left.
You didn't know any spells.
Your spell library contained the following spells:

 Spells                   Type           Power      Damage    Failure   Level
 Beastly Appendage        Tmut           0%         N/A       41%         1
 Freeze                   Ice            0%         1d3       41%         1
 Magic Dart               Conj           0%         1d3       41%         1
 Summon Small Mammal      Summ           0%         N/A       41%         1
 Call Imp                 Summ           0%         N/A       56%         2
 Ensorcelled Hibernation  Hex/Ice        0%         N/A       56%         2
 Passwall                 Tmut/Erth      0%         N/A       56%         2
 Wereblood                Tmut           0%         N/A       56%         2
 Call Canine Familiar     Summ           0%         N/A       80%         3
 Frozen Ramparts          Ice            0%         1d1       80%         3
 Hailstorm                Conj/Ice       0%         3d3       80%         3
 Mephitic Cloud           Conj/Pois/Air  0%         N/A       80%         3
 Ozocubu's Armour         Ice            0%         N/A       80%         3
 Portal Projectile        Hex/Tloc       0%         N/A       80%         3
 Spider Form              Tmut/Pois      0%         N/A       80%         3
 Summon Guardian Golem    Hex/Summ       0%         N/A       80%         3
 Swiftness                Air            0%         N/A       80%         3
 Leda's Liquefaction      Hex/Erth       0%         N/A       99%         4
 Olgreb's Toxic Radiance  Pois           0%         N/A       99%         4
 Petrify                  Tmut/Erth      0%         N/A       99%         4
 Metabolic Englaciation   Hex/Ice        0%         N/A       100%        5
 Simulacrum               Ice/Necr       0%         N/A       100%        6
 Statue Form              Tmut/Erth      0%         N/A       100%        6
 Ozocubu's Refrigeration  Ice            0%         4d7       100%        7
 Ignition                 Fire           0%         3d3       100%        8


Dungeon Overview and Level Annotations

Branches:
Dungeon (10/15)            Temple (0/1) D:4            Lair (2/5) D:9
    Orc (0/2) D:9
  Swamp: Lair:2-3    Shoals: Lair:2-3     Snake: Lair:2-3    Spider: Lair:2-3

Shops:
D:1 *   D:2 =*=   D:5 *   D:8 :   D:9 :

Portals:
Abyss: Lair:1

Annotations:
D:8 1 runed translucent door, wormed's ghost, novice VSFi
Lair:1 2 transporters, Aky Rat's ghost, novice DsNe; Fannar


Innate Abilities, Weirdness & Mutations

You have an increased reservoir of magic. (+10% MP)
You shall have no god before yourself.
Your divine heritage dramatically boosts your attributes as you level up.


Message History

Fire: b) +1 longbow of Might {freeze, rPois MP+9}
Aim: a water moccasin (severely wounded, 60% to hit)
You shoot an arrow.
The arrow barely misses the water moccasin.
The water moccasin bites you but does no damage.
The water moccasin closely misses you.
Fire: b) +1 longbow of Might {freeze, rPois MP+9}
Aim: a water moccasin (severely wounded, 60% to hit)
You shoot an arrow.
The arrow hits the water moccasin but does no damage.
A black mamba comes into view.
The water moccasin bites you but does no damage.
Fire: b) +1 longbow of Might {freeze, rPois MP+9}
Aim: a water moccasin (severely wounded, 60% to hit)
You shoot an arrow. The black mamba hisses angrily.
The arrow hits the water moccasin!
The arrow freezes the water moccasin.
You kill the water moccasin!
A basilisk comes into view.
The basilisk hisses angrily.
A hell rat comes into view.
There is a stone staircase leading up here.
Fire: b) +1 longbow of Might {freeze, rPois MP+9}
Aim: a black mamba (60% to hit)
You shoot an arrow.
The arrow barely misses the black mamba.
A hell rat comes into view.
The black mamba completely misses you.
The hell rat roars deafeningly!
You hear an angry growl.
You block the black mamba's attack. Fannar closely misses you.
The black mamba completely misses you.
You climb upwards.
Level annotation: 2 transporters, Aky Rat's ghost, novice DsNe
There is a stone staircase leading down here.
Okay, then.
Unknown command.
Aim: a black mamba (chance to affect: 64%)
Okay, then.
Fire: b) +1 longbow of Might {freeze, rPois MP+9}
Aim: Fannar, wielding a +0 quarterstaff of freezing, wearing a +1 robe of cold resistance and wearing a ring of ice (60% to hit)
You shoot an arrow. The arrow hits Fannar!
The black mamba completely misses you. Fannar gestures at you while chanting.
The bolt of cold hits you!!!
You feel a terrible chill! The black mamba bites you!
You take 52 damage, and have 47/99 hp.
MASSIVE DAMAGE!!
Unknown command.
Really read
D - 5 scrolls of blinking {!r}?
Blink to where?
As you read the scroll of blinking {!r}, it crumbles to dust.
Fannar casts a spell.
You are too injured to fight recklessly!
The black mamba attacks as you move away!
You block the black mamba's attack.
Fire: b) +1 longbow of Might {freeze, rPois MP+9}
Aim: a black mamba (60% to hit)
You shoot an arrow.
The arrow barely misses the black mamba.
The black mamba misses you. The black mamba completely misses you.
Fire: b) +1 longbow of Might {freeze, rPois MP+9}
Aim: a black mamba (60% to hit)
You shoot an arrow. The arrow hits the black mamba!
The arrow freezes the black mamba!
The black mamba closely misses you. The black mamba completely misses you.
Fire: b) +1 longbow of Might {freeze, rPois MP+9}
Aim: a black mamba (heavily wounded, 60% to hit)
You shoot an arrow.
The arrow closely misses the black mamba.
The arrow barely misses the ice beast.
The black mamba completely misses you.
Fannar gestures wildly while chanting.
Fannar blinks!
The black mamba closely misses you.
Fire: b) +1 longbow of Might {freeze, rPois MP+9}
Aim: a black mamba (heavily wounded, 60% to hit)
You shoot an arrow.
The arrow hits the black mamba but does no damage.
The black mamba bites you! x2
* * * LOW HITPOINT WARNING * * *
Fannar casts a spell.
The black mamba barely misses you.
You take 24 damage, and have 27/99 hp.
MASSIVE DAMAGE!!
Really read
D - 4 scrolls of blinking {!r}?
Blink to where?
As you read the scroll of blinking {!r}, it crumbles to dust.
Fire: b) +1 longbow of Might {freeze, rPois MP+9}
Aim: a black mamba (heavily wounded, 60% to hit)
You shoot an arrow. The arrow hits the black mamba!
The black mamba seems to slow down.
The arrow freezes the black mamba.
You kill the black mamba!
Fire: b) +1 longbow of Might {freeze, rPois MP+9}
Aim: an ice beast (summoned, 73% to hit)
You shoot an arrow. The arrow hits the ice beast.
Fannar casts a spell.
Fannar drains the heat from the surrounding environment!
You feel a terrible chill!
You die...

.#..##.......##.....#.######.....
.#..###########..................
....###########............[...#.
...†.............................
.................................
......##.P#..#...................
......########.....####.#.#.....+
......##.....#.....###.#.#.....#.
#.....##e§..##..@..##....##......
......#Y....##......#.....#....#.
P.....##..S.#......##....##......
#.....##....##.....##....#.....#.
#.....##....##.Y..........#....+.
#.....###).###.....#####.##....##
#.....####.###......###..##......
#...............e................
.................................


You could see Fannar and an ice beast (summoned).

Vanquished Creatures
  A two-headed ogre (D:9)
  Pikel (D:8)
  A black mamba (Lair:1)
  An elephant (D:9)
  Joseph (D:7)
  2 rime drakes (Lair:1)
  A komodo dragon (Lair:1)
  2 cane toads (Lair:1)
  Maggie (D:6)
  A troll (D:9)
  2 hornets
  Grinder (D:3)
  Sigmund (D:5)
  Grum (D:9)
  Eustachio (D:6)
  A basilisk (D:9)
  16 yaks
  2 steam dragons
  7 water moccasins
  2 sky beasts (D:6)
  2 ice beasts (D:7)
  2 orc warriors (D:9)
  4 black bears
  An ogre (D:7)
  4 centaurs
  4 wolves (D:9)
  2 lemures (D:8)
  A phantom (D:6)
  A kobold brigand (D:7)
  3 bullfrogs
  3 gnoll sergeants
  2 scorpions
  2 necrophages (D:6)
  6 killer bees (D:9)
  5 howler monkeys
  A jelly (D:6)
  3 hounds
  2 orc priests
  Crazy Yiuf (D:2)
  Ijyb (D:3)
  3 iguanas
  7 orc wizards
  Robin (D:2)
  13 adders
  14 gnolls
  2 white imps
  2 ufetubi
  4 worms
  3 dart slugs
  45 orcs
  7 bats
  2 endoplasms (D:3)
  2 giant cockroaches (D:2)
  11 goblins
  15 hobgoblins
  3 jackals (D:1)
  8 kobolds
  A quokka (D:4)
  5 ball pythons
  3 frilled lizards
  4 rats
251 creatures vanquished.

Vanquished Creatures (others)
  A fungus (Lair:1)
  A plant (D:9)
2 creatures vanquished.

Grand Total: 253 creatures vanquished

Notes
Turn   | Place    | Note
-------+----------+-------------------------------------------
     0 | D:1      | OTABOTABOTAB the Demigod Hunter began the quest for the
                  | Orb.
     0 | D:1      | Reached XP level 1. HP: 17/17 MP: 3/3
    65 | D:1      | Reached skill level 2 in Fighting
   114 | D:1      | Reached skill level 2 in Dodging
   270 | D:1      | Reached XP level 2. HP: 22/24 MP: 4/4
   349 | D:1      | Found Kin Coak's Assorted Antiques.
   990 | D:2      | Reached skill level 4 in Ranged Weapons
   990 | D:2      | Reached XP level 3. HP: 18/30 MP: 5/5
  1363 | D:2      | Found a runed translucent door.
  1364 | D:2      | Noticed Crazy Yiuf
  1373 | D:2      | Killed Crazy Yiuf
  1374 | D:2      | Reached XP level 4. HP: 37/37 MP: 6/6
  1461 | D:2      | Found Oxteet's Jewellery Shop.
  1794 | D:2      | Noticed Robin
  1801 | D:2      | Killed Robin
  1802 | D:2      | Reached skill level 3 in Fighting
  1802 | D:2      | Reached skill level 3 in Dodging
  1816 | D:2      | HP: 8/38 [goblin/+0 club[Robin] (3)]
  1962 | D:2      | Found Onnoejem's General Store.
  1967 | D:2      | Bought a potion of curing for 39 gold pieces
  1967 | D:2      | Bought a potion of heal wounds for 65 gold pieces
  1982 | D:2      | Found Isiwkacs's Jewellery Shop.
  2358 | D:3      | Noticed Grinder
  2362 | D:3      | Killed Grinder
  2363 | D:3      | Reached skill level 5 in Ranged Weapons
  2363 | D:3      | Reached XP level 5. HP: 43/46 MP: 7/7
  2363 | D:3      | Reached XP level 6. HP: 49/52 MP: 8/8
  2620 | D:3      | Noticed Ijyb
  2636 | D:3      | Killed Ijyb
  2677 | D:3      | Identified the +7 morningstar "Netuph" {holy, +Blink rPois}
  2681 | D:3      | Trevise: Is this good?
  2730 | D:3      | OTABOTABOTAB: idk hunter is good
  2730 | D:3      | OTABOTABOTAB: idk about demigod lol
  2730 | D:3      | Trevise: lolol
  2730 | D:3      | OTABOTABOTAB: completely relying on dungeon for a good bow
  2736 | D:3      | Trevise: yeah
  2744 | D:3      | Reached skill level 4 in Fighting
  2744 | D:3      | Reached skill level 4 in Dodging
  2744 | D:3      | OTABOTABOTAB: oo
  3137 | D:4      | Found a staircase to the Ecumenical Temple.
  3896 | D:4      | Reached XP level 7. HP: 60/60 MP: 9/9
  4201 | D:4      | Identified a scroll of acquirement
  4201 | D:4      | Acquired the +1 longbow of Might {freeze, rPois MP+9}
  4266 | D:5      | Entered Level 5 of the Dungeon
  4607 | D:5      | Noticed Sigmund
  4610 | D:5      | Killed Sigmund
  4611 | D:5      | Reached skill level 5 in Fighting
  4611 | D:5      | Reached skill level 6 in Ranged Weapons
  4611 | D:5      | Reached skill level 5 in Dodging
  4875 | D:5      | Found Soenk's CLEARANCE SALE!.
  4882 | D:5      | Bought a scroll of blinking for 45 gold pieces
  4882 | D:5      | Bought a scroll of teleportation for 18 gold pieces
  5085 | D:6      | Reached XP level 8. HP: 69/69 MP: 10/10
  5189 | D:6      | Noticed Eustachio
  5208 | D:6      | Killed Eustachio
  5426 | D:6      | Reached skill level 6 in Fighting
  5426 | D:6      | Reached skill level 6 in Dodging
  5446 | D:6      | Reached skill level 7 in Ranged Weapons
  5447 | D:6      | Noticed Maggie
  5457 | D:6      | Killed Maggie
  6200 | D:7      | Identified the +6 war axe of Doom {spect, Stlth+}
  6287 | D:7      | Reached XP level 9. HP: 76/78 MP: 11/11
  6375 | D:7      | Reached skill level 7 in Dodging
  6459 | D:7      | Reached skill level 7 in Fighting
  6466 | D:7      | Reached skill level 8 in Ranged Weapons
  6505 | D:7      | Noticed Joseph
  6622 | D:7      | HP: 6/79 [Joseph/sling bullet (16)]
  6623 | D:7      | Killed Joseph
  6846 | D:7      | Trevise: holy shit
  6846 | D:7      | Trevise: that was close
  6907 | D:7      | Trevise: Does that use same skill?
  6926 | D:7      | OTABOTABOTAB: yep
  6926 | D:7      | OTABOTABOTAB: all ranged weapons are under oen skill now
  7157 | D:8      | Noticed wormed's ghost (novice VSFi)
  7173 | D:8      | Found a runed translucent door.
  7390 | D:8      | Trevise: wow
  7481 | D:8      | Noticed Pikel
  7498 | D:8      | Killed Pikel
  7499 | D:8      | Reached skill level 8 in Fighting
  7499 | D:8      | Reached skill level 8 in Dodging
  7643 | D:8      | Reached XP level 10. HP: 81/88 MP: 13/13
  7699 | D:8      | Found Poirhu's Vocational Training.
  8202 | D:9      | Reached skill level 9 in Ranged Weapons
  8215 | D:9      | Noticed an elephant
  8229 | D:9      | HP: 22/90 [elephant (3)]
  8231 | D:9      | Killed an elephant
  8413 | D:9      | Found a staircase to the Lair.
  8468 | D:9      | Found a staircase to the Orcish Mines.
  8498 | D:9      | Noticed Grum
  8509 | D:9      | Killed Grum
  8521 | D:9      | HP: 22/90 [wolf[Grum] (5)]
  8835 | D:9      | Found Sitor's Tremendous Tomes.
  8930 | D:9      | Reached skill level 9 in Dodging
  8937 | D:9      | Reached skill level 9 in Fighting
  9277 | D:9      | Noticed a two-headed ogre
  9290 | D:9      | Killed a two-headed ogre
  9380 | D:10     | Entered Level 10 of the Dungeon
  9395 | D:10     | Reached skill level 10 in Ranged Weapons
  9844 | D:10     | Trevise: So much dex
  9855 | D:10     | Reached XP level 11. HP: 57/97 MP: 14/14
 10567 | D:10     | OTABOTABOTAB: dex is all damage for ranged
 10645 | Lair:1   | Entered Level 1 of the Lair of Beasts
 10645 | Lair:1   | Found a transporter.
 10651 | Lair:1   | Found a one-way gate to the infinite horrors of the Abyss.
 10651 | Lair:1   | Noticed Aky Rat's ghost (novice DsNe)
 10869 | Lair:1   | Noticed a spriggan rider
 10869 | Lair:1   | Noticed a thrashing horror
 10869 | Lair:1   | Noticed a hell hog
 10876 | Lair:1   | Found a transporter.
 10876 | Lair:1   | Noticed a sun demon
 10890 | Lair:1   | Noticed a cacodemon
 11480 | Lair:1   | Trevise: now just need magic
 11714 | Lair:2   | Noticed Fannar
 11724 | Lair:1   | Trevise: oh
 11724 | Lair:1   | OTABOTABOTAB: this isn't going to end well
 11724 | Lair:1   | Trevise: tele?
 11736 | Lair:1   | Slain by Fannar

Illustrated notes

Levels and vault maps discovered:
D:1:      reono_arrival_forest_river, layout_basic, serial_shops, shop,
          minmay_fountain_box, dk_noncrumbling_4
D:2:      layout_loops_corners, basic_altar, serial_shops, nicolae_square_shop,
          shop, nicolae_diamond_shop, kennysheep_generic_room_2,
          uniq_crazy_yiuf_cottage, uniq_robin
D:3:      layout_loops_cross, mainiacjoe_overflow_alcove_4,
          eat_drink_and_be_merry_uskayaw, st_stairs_6, uniq_ijyb, uniq_grinder
D:4:      kennysheep_spiral_hall, layout_loops_corners,
          nicolae_gozag_seed_capital, mainiacjoe_overflow_alcove_2,
          minmay_temple_entry_offerings
D:5:      nicolae_cairo_tiling, layout_gridville, old_standard_altar,
          nicolae_shop_clearance, uniq_sigmund
D:6:      layout_basic, kennysheep_small_square, uniq_eustachio, uniq_maggie
D:7:      layout_basic, mainiacjoe_overflow_catwalk_spiral, patterned_corridor,
          uniq_joseph
D:8:      layout_basic, hellmonk_ghost_happy_afterlife, nicolae_shop_vocational,
          uniq_pikel
D:9:      layout_roguey [special_room_orc], david_lair_generic, orc_0_dummy,
          nicolae_shop_i_like_big_books, uniq_grum
D:10:     layout_gridville
Lair:1:   layout_regular_city, gammafunk_ghost_abyssal_escape
Lair:2:   layout_chaotic_city, basic_altar, uniq_fannar

Skill      XL: |  1  2  3  4  5  6  7  8  9 10 |
---------------+-------------------------------+-----
Fighting       | 2 3 4 5 6 8 9 |  9.9
Dodging        | 2 3 4 5 6 8 9 |  9.9
Ranged Weapons | 4 5 6 7 8 10 | 10.9
Stealth        | |  0.8

Action                   |  1- 3 |  4- 6 |  7- 9 | 10-12 || total
-------------------------+-------+-------+-------+-------++-------
Melee: Shortbow          |       |     3 |       |       ||     3
 Fire: Shortbow          |   106 |   179 |    14 |       ||   299
       Longbow           |       |       |   202 |   303 ||   505
       Sling             |       |       |    41 |       ||    41
Evoke: Wand              |       |       |       |     1 ||     1
  Use: Scroll            |       |     4 |    12 |     7 ||    23
       Potion            |       |       |       |     1 ||     1
Armor: Leather armour    |    11 |    17 |    16 |    18 ||    62
Dodge: Dodged            |    35 |    56 |    93 |   202 ||   386
Block: Other             |     9 |    27 |    30 |    46 ||   112
       Reflection        |       |     2 |     3 |     1 ||     6

Table legend: (Time is in decaauts)
 A = Elapsed time spent in this place.
 B = Non-inter-level travel time spent in this place.
 C = Inter-level travel time spent in this place.
 D = Time resting spent in this place.
 E = Time spent auto-exploring this place.
 F = Levels seen in this place.
 G = Mean time per level.
                   A        B        C        D        E       F      G
               +--------+--------+--------+--------+--------+-----+--------+
         Total |  11995 |  11634 |    361 |   1064 |   9034 |  12 |  999.6 |
       Dungeon |  10891 |  10564 |    327 |    828 |   8309 |  10 | 1089.1 |
          Lair |   1103 |   1069 |     34 |    236 |    725 |   2 |  551.5 |
               +--------+--------+--------+--------+--------+-----+--------+

Top non-repeatable levels by time:
     D:9: 1360 daAuts
    D:10: 1252 daAuts
     D:4: 1184 daAuts
     D:2: 1156 daAuts
     D:6: 1104 daAuts
  Lair:1: 1090 daAuts
     D:7: 1083 daAuts
     D:3: 1036 daAuts
     D:1: 995 daAuts
     D:8: 943 daAuts
     D:5: 773 daAuts
  Lair:2: 13 daAuts

Table legend:
 A = Kills in this place as a percentage of kills in entire the game.
 B = Kills by you in this place as a percentage of kills by you in the entire game.
 C = Kills by friends in this place as a percentage of kills by friends in the entire game.
 D = Other kills in this place as a percentage of other kills in the entire game.
 E = Experience gained in this place as a percentage of experience gained in the entire game.
 F = Experience gained in this place divided by the number of levels of this place that you have seen.
                   A       B       C       D       E      F
               +-------+-------+-------+-------+-------+----------------------
         Total | 100.0 | 100.0 |   N/A |   N/A | 100.0 | 1424.3
       Dungeon |  94.8 |  94.8 |   N/A |   N/A |  79.4 | 1356.6
          Lair |   5.2 |   5.2 |   N/A |   N/A |  20.6 | 1763.0
               +-------+-------+-------+-------+-------+----------------------
